 Dungeon Crawl Stone Soup version 0.20.1-1-g8b1a95d66d (webtiles) character file.

30267 4FPSwarrior the Unseen (level 12, -9/58 HPs)
             Began as a Vampire Enchanter on Dec 1, 2017.
             Was a Priest of Dithmenos.
             Mangled by a lorocyproca (23 damage)
             ... on level 4 of the Abyss on Dec 2, 2017.
             The game lasted 01:36:51 (12696 turns).

4FPSwarrior the Unseen (Vampire Enchanter)         Turns: 12696, Time: 01:36:52

Health: -9/58      AC:  5    Str:  1 (2)  XL:     12   Next: 17%
Magic:  13/31      EV: 23    Int: 18 (19) God:    Dithmenos [***...]
Gold:   647        SH:  0    Dex: 16      Spells: 13/28 levels left

rFire    . . .     SeeInvis +   k - +2 dagger (venom)
rCold    . . .     Gourm    .   (no shield)
rNeg     . . .     Faith    .   b - +0 robe
rPois    .         Spirit   .   O - +0 helmet "Rubid" {rElec Regen+ Str-5 SInv}
rElec    +         Reflect  .   (no cloak)
rCorr    .         Harm     .   f - +1 pair of gloves
MR       +....                  (no boots)
Stlth    +++++++++.             (no amulet)
Regen    0.8/turn               G - ring of magical power
MPRegen  0.3/turn               I - +6 ring of evasion

@: about to teleport, slightly contaminated, regenerating quickly, wreathed by
umbra
A: fangs 3, see invisible, clumsy 1, deterioration 1, [frail 3], low mp 1,
[screaming 2], unbreathing
}: 1/15 runes: abyssal
a: Shadow Step, Renounce Religion


You were on level 4 of the Abyss.
You worshipped Dithmenos.
Dithmenos was most pleased with you.
You were very full.

You visited 2 branches of the dungeon, and saw 13 of its levels.
You visited the Abyss 1 time.

You collected 712 gold pieces.
You spent 65 gold pieces at shops.

Inventory:

Hand Weapons
 a - a +1 dagger
 k - a +2 dagger of venom (weapon)
 q - a +1 short sword of electrocution
 A - a +2 short sword of speed
 K - a +4 dagger of distortion
Missiles
 H - a tomahawk of dispersal (quivered)
 M - 8 tomahawks
Armour
 b - a +0 robe (worn)
 f - a +1 pair of gloves (worn)
 O - the +0 helmet "Rubid" (worn) {rElec Regen+ Str-5 SInv}
   (You found it on level 11 of the Dungeon)

   It affects your strength (-5).
   It insulates you from electricity.
   It lets you see invisible.
   It increases your rate of regeneration.
Jewellery
 l - an uncursed ring of resist corrosion
 r - an uncursed ring of fire {unknown}
 G - a ring of magical power (left hand)
 I - a +6 ring of evasion (right hand)
Wands
 p - a wand of lightning (8/15)
 v - a wand of digging (4/24)
Scrolls
 j - a scroll of amnesia
 n - a scroll of holy word {unknown}
 x - a scroll of acquirement {unknown}
 y - a scroll of magic mapping
 L - a scroll of immolation {unknown}
 N - 2 scrolls of enchant armour
Potions
 d - 46 potions of blood
 e - a potion of haste
 g - a potion of berserk rage {unknown}
 h - a potion of flight
 m - a potion of resistance
 s - 3 potions of cancellation
 u - 2 potions of mutation {unknown}
 C - a potion of might {unknown}
 E - a potion of brilliance {unknown}
 F - 2 potions of magic {unknown}
 J - a potion of degeneration {unknown}
Books
 c - a book of Maledictions

   Spells                             Type                      Level
   a - Corona                         Hexes                        1
   b - Ensorcelled Hibernation        Hexes/Ice                    2
   c - Confuse                        Hexes                        3
   d - Tukima's Dance                 Hexes                        3
   e - Dazzling Spray                 Conjuration/Hexes            3
 w - a book of Debilitation

   Spells                             Type                      Level
   a - Corona                         Hexes                        1
   b - Slow                           Hexes                        2
   c - Inner Flame                    Hexes/Fire                   3
   d - Portal Projectile              Hexes/Translocation          3
   e - Cause Fear                     Hexes                        4
   f - Leda's Liquefaction            Hexes/Earth                  4
 z - a book of Callings

   Spells                             Type                      Level
   a - Summon Small Mammal            Summoning                    1
   b - Call Imp                       Summoning                    2
   c - Call Canine Familiar           Summoning                    3
   d - Summon Guardian Golem          Hexes/Summoning              3
   e - Summon Lightning Spire         Summoning/Air                4
   f - Summon Ice Beast               Ice/Summoning                4
 D - a book of Party Tricks

   Spells                             Type                      Level
   a - Summon Butterflies             Summoning                    1
   b - Apportation                    Translocation                1
   c - Lesser Beckoning               Translocation                3
   d - Tukima's Dance                 Hexes                        3
   e - Alistair's Intoxication        Transmutation/Poison         5
   f - Invisibility                   Hexes                        6
Miscellaneous
 t - a fan of gales (inert)


   Skills:
 + Level 4.3 Fighting
 + Level 7.4 Short Blades
 + Level 6.7 Dodging
 + Level 16.5 Stealth
 + Level 8.6 Spellcasting
 + Level 11.1 Hexes
 + Level 1.3 Summonings
 + Level 6.4 Ice Magic
 + Level 0.1 Invocations


You had 13 spell levels left.
You knew the following spells:

 Your Spells              Type           Power        Failure   Level  Hunger
a - Invisibility          Hex            #####...     14%         6    ######.
b - Ensorcelled Hibernat  Hex/Ice        #####.       1%          2    None
c - Confuse               Hex            #####...     1%          3    None
d - Summon Ice Beast      Ice/Summ       ###.....     19%         4    ###....


Dungeon Overview and Level Annotations

Branches:
Dungeon (12/15)            Temple (1/1) D:4            Lair (0/6) D:8
    Orc (0/2) D:11

Altars:
Ashenzari
Cheibriados
Dithmenos
Elyvilon
Fedhas
Gozag
Hepliaklqana
Kikubaaqudgha
Makhleb
Nemelex Xobeh
Okawaru
Qazlal
Ru
Sif Muna
Trog
Uskayaw
Vehumet
Xom
Yredelemnul
Zin
The Shining One
Beogh

Shops:
D:5 :   D:7 !   D:10 *


Innate Abilities, Weirdness & Mutations

Your natural rate of healing is unusually fast.
You have razor-sharp teeth.
You have supernaturally acute eyesight. (SInv)
You can survive without breathing.
You are clumsy. (Dex -2)
Your body sometimes deteriorates upon taking damage.
Your magical capacity is low. (-10% MP)
[You are extremely frail. (-30% HP)]
[You sometimes yell uncontrollably at your foes.]


Message History

The Executioner gestures.
The Executioner seems to speed up.
The large abomination barely misses you.
Evoke which item? (* to show all) (? for menu, Esc to quit)
That is presently inert.
The wretched star pulses with an eldritch light!
You feel frail. x2
There is an open door here.
You see here an abyssal rune of Zot.
You pick up the abyssal rune and feel its power.
Press } to see all the runes you have collected.
You feel the abyssal rune guiding you out of this place.
The lorocyproca closely misses you.
The wretched star pulses with an eldritch light!
You feel frail.
As you read the scroll of teleportation, it crumbles to dust.
You feel strangely unstable.
You feel the power of the Abyss delaying your translocation!
The lorocyproca hits you!!
You die...

#... ..#..d. .
#......q..d §
#. ..d.#§§§ ##.
..# § #'##### §
##..##. ##
#...2..# ..###
###.dq###...##.
#Y#.*X2@#...##.
#.##..###...##.
# #...# ..### #
###.# ## ##


You could see a hellephant (sleeping), a green draconian monk, a lorocyproca
(invisible), a wretched star, a draconian, a large abomination and a hellion.

Vanquished Creatures
  A hydra (D:11)
  3 two-headed ogres
  Sonja (D:12)
  The ghost of nullius the Basher, a novice FoAK of Lugonu (D:11)
  The ghost of tensugalgo the Carver, a novice DsCK of Xom (D:9)
  An unseen horror (D:11)
  A deep elf mage (D:6)
  2 ugly things (D:12)
  A cyclops (D:11)
  A troll (D:11)
  A hippogriff (D:7)
  4 slime creatures (D:12)
  Sigmund (D:3)
  A human (D:7)
  2 wyverns
  13 yaks
  A wraith (D:12)
  4 hogs (D:7)
  4 hungry ghosts
  A basilisk (D:8)
  A steam dragon (D:9)
  2 water moccasins
  5 orc warriors
  2 sky beasts
  An ice beast (D:12)
  A necrophage (D:8)
  8 centaurs
  A phantom (D:9)
  11 ogres
  A big kobold (D:12)
  7 bullfrogs
  3 scorpions
  11 killer bees
  5 wights
  A bullfrog zombie (D:10)
  2 quasits (D:6)
  5 hounds
  2 jellies
  A gnoll shaman (D:9)
  5 orc priests
  5 orc wizards
  2 bullfrog skeletons
  3 centaur skeletons
  Jessica (D:2)
  3 iguanas
  9 worker ants
  A killer bee zombie (D:10)
  2 worker ant zombies
  11 adders
  12 gnolls
  3 shadow imps
  2 oozes
  An adder zombie (D:5)
  2 adder skeletons
  3 worms
  5 dart slugs
  5 leopard geckos
  32 orcs
  6 giant cockroaches
  8 goblins
  14 hobgoblins
  12 jackals
  11 kobolds
  6 quokkas
  12 bats
  7 frilled lizards
  8 rats
306 creatures vanquished.

Vanquished Creatures (collateral kills)
  3 gnolls (D:9)
  5 orcs
  A jackal (D:10)
9 creatures vanquished.

Grand Total: 315 creatures vanquished

Notes
Turn   | Place    | Note
-------+----------+-------------------------------------------
     0 | D:1      | 4FPSwarrior the Vampire Enchanter began the quest for the Orb.
     0 | D:1      | Reached XP level 1. HP: 13/13 MP: 3/3
   157 | D:1      | Reached XP level 2. HP: 19/19 MP: 5/5
   444 | D:1      | Reached skill level 5 in Hexes
   459 | D:1      | Learned a level 2 spell: Ensorcelled Hibernation
   659 | D:1      | Reached skill level 5 in Stealth
   761 | D:1      | Reached XP level 3. HP: 22/24 MP: 6/6
  1052 | D:2      | HP: 1/24 [poisoned by an adder]
  1178 | D:2      | Learned a level 3 spell: Confuse
  1373 | D:2      | Noticed Jessica
  1515 | D:2      | Killed Jessica
  1515 | D:2      | Reached XP level 4. HP: 29/31 MP: 1/7
  1653 | D:2      | Reached skill level 6 in Stealth
  1822 | D:2      | Reached XP level 5. HP: 29/36 MP: 8/8
  2562 | D:3      | Noticed Sigmund
  2576 | D:3      | Killed Sigmund
  2576 | D:3      | Reached skill level 1 in Fighting
  2576 | D:3      | Reached skill level 7 in Stealth
  2576 | D:3      | Reached XP level 6. HP: 43/43 MP: 5/10
  3180 | D:4      | Found a staircase to the Ecumenical Temple.
  3190 | Temple   | Entered the Ecumenical Temple
  3223 | Temple   | Became a worshipper of Dithmenos the Shadowed
  3770 | D:5      | Entered Level 5 of the Dungeon
  3896 | D:5      | Reached XP level 7. HP: 43/49 MP: 3/11
  3978 | D:5      | Found Osadd's Book Shop.
  4367 | D:5      | Reached skill level 8 in Stealth
  4381 | D:5      | Reached skill level 1 in Ice Magic
  5238 | D:6      | Reached * piety under Dithmenos
  5312 | D:6      | Reached skill level 9 in Stealth
  5312 | D:6      | Reached XP level 8. HP: 57/57 MP: 13/13
  5576 | D:6      | Noticed a deep elf mage
  5579 | D:6      | Killed a deep elf mage
  5579 | D:6      | Reached skill level 10 in Stealth
  5780 | D:7      | Reached skill level 5 in Dodging
  5896 | D:7      | Learned a level 4 spell: Summon Ice Beast
  5939 | D:7      | Reached skill level 5 in Short Blades
  5943 | D:7      | Reached skill level 11 in Stealth
  5943 | D:7      | Reached XP level 9. HP: 64/64 MP: 15/15
  6089 | D:7      | Found Fyucecasch's Distillery.
  6093 | D:7      | Bought a potion of heal wounds for 65 gold pieces
  6461 | D:7      | Reached skill level 12 in Stealth
  6464 | D:7      | Reached skill level 5 in Spellcasting
  6966 | D:8      | Noticed an elephant
  7403 | D:8      | Found a staircase to the Lair.
  7403 | D:8      | Noticed a death yak
  7724 | D:9      | Reached XP level 10. HP: 67/71 MP: 18/18
  7749 | D:9      | Reached ** piety under Dithmenos
  8021 | D:9      | Noticed a two-headed ogre
  8036 | D:9      | Killed a two-headed ogre
  8036 | D:9      | Reached skill level 13 in Stealth
  8876 | D:9      | Noticed tensugalgo's ghost (novice DsCK)
  9119 | D:9      | Killed tensugalgo's ghost
  9119 | D:9      | Reached skill level 5 in Ice Magic
  9330 | D:10     | Entered Level 10 of the Dungeon
  9441 | D:10     | Reached skill level 14 in Stealth
 10351 | D:10     | Reached skill level 1 in Summonings
 10351 | D:10     | Reached XP level 11. HP: 77/77 MP: 21/21
 10433 | D:10     | Found Tuyl Lachu's Assorted Antiques.
 10655 | D:10     | Reached *** piety under Dithmenos
 10756 | D:11     | Noticed an unseen horror
 10760 | D:11     | Killed an unseen horror
 10801 | D:11     | Found a staircase to the Orcish Mines.
 10816 | D:11     | Found a roughly hewn altar of Beogh.
 10917 | D:11     | Noticed nullius's ghost (novice FoAK)
 11218 | D:11     | Noticed a two-headed ogre
 11238 | D:11     | Killed a two-headed ogre
 11438 | D:11     | Reached skill level 15 in Stealth
 11461 | D:11     | Killed nullius's ghost
 11466 | D:11     | Noticed a two-headed ogre
 11481 | D:11     | Killed a two-headed ogre
 11481 | D:11     | Reached skill level 10 in Hexes
 11543 | D:11     | Noticed a five-headed hydra
 11582 | D:11     | Killed a five-headed hydra
 11886 | D:11     | Got a distressingly furry helmet
 11903 | D:11     | Identified the cursed +0 helmet "Rubid" {rElec Regen+ Str-5 SInv} (You found it on level 11 of the Dungeon)
 12091 | D:12     | Learned a level 6 spell: Invisibility
 12217 | D:12     | Reached skill level 16 in Stealth
 12246 | D:12     | Gained mutation: Your body sometimes deteriorates upon taking damage. [mutagenic glow]
 12250 | D:12     | Noticed a red ugly thing
 12272 | D:12     | Gained mutation: Your magical capacity is low. (-10% MP) [mutagenic glow]
 12354 | D:12     | Noticed a cyan ugly thing
 12373 | D:12     | Reached XP level 12. HP: 84/84 MP: 21/21
 12530 | D:12     | Noticed Sonja
 12534 | D:12     | Killed Sonja
 12575 | D:12     | Gained mutation: You are clumsy. (Dex -2) [mutagenic glow]
 12594 | D:12     | Cast into level 3 of the Abyss (a distortion unwield)
 12594 | Abyss:3  | Found a corrupted altar of Lugonu.
 12595 | Abyss:3  | Noticed a merfolk impaler
 12595 | Abyss:3  | Noticed a blizzard demon
 12662 | Abyss:4  | Noticed a tentacled starspawn
 12680 | Abyss:4  | Noticed a green draconian monk
 12685 | Abyss:4  | Noticed a lorocyproca
 12686 | Abyss:4  | Noticed an Executioner
 12688 | Abyss:4  | Noticed a hellephant
 12695 | Abyss:4  | Got an abyssal rune of Zot
 12696 | Abyss:4  | Mangled by a lorocyproca

Skill      XL: |  1  2  3  4  5  6  7  8  9 10 11 12 |
---------------+-------------------------------------+-----
Hexes          | 5 6 7 8 9 10 11 | 11.1
Stealth        | 5 6 7 9 11 12 14 16 | 16.5
Short Blades   | 2 3 4 5 6 7 |  7.4
Dodging        | 3 4 5 6 |  6.7
Fighting       | 1 2 3 4 |  4.3
Spellcasting   | 3 4 5 6 8 |  8.6
Ice Magic      | 1 2 3 5 6 |  6.4
Summonings     | 1 |  1.3
Invocations    | |  0.1

Action                   |  1- 3 |  4- 6 |  7- 9 | 10-12 || total
-------------------------+-------+-------+-------+-------++-------
Melee: Dagger            |   103 |   140 |   115 |   190 ||   548
       Bite              |     6 |    15 |    17 |    40 ||    78
       Short sword       |       |       |   136 |   201 ||   337
       Unarmed           |       |       |       |     3 ||     3
Throw: Throwing net      |       |       |     2 |       ||     2
       Tomahawk          |       |       |       |     2 ||     2
 Cast: Ensorcelled Hiber |     7 |     6 |    51 |   119 ||   183
       Corona            |     4 |       |     4 |       ||     8
       Confuse           |     3 |     8 |     9 |    45 ||    65
       Summon Ice Beast  |       |       |     2 |    19 ||    21
       Invisibility      |       |       |       |     6 ||     6
Invok: Shadow Step       |       |       |       |     4 ||     4
 Abil: End Transformatio |       |       |     1 |     1 ||     2
       Bat Form          |       |       |     1 |     1 ||     2
Evoke: Fan of gales      |       |       |       |     1 ||     1
  Use: Potion            |    10 |    13 |    18 |    33 ||    74
       Scroll            |       |     3 |     5 |    19 ||    27
 Stab: Sleeping          |    16 |    21 |    43 |    94 ||   174
       Confused          |     1 |     3 |     5 |    24 ||    33
       Distracted        |       |       |     2 |     7 ||     9
       Invisible         |       |       |       |     6 ||     6
Armor: Robe              |    26 |    20 |    16 |    12 ||    74
Dodge: Dodged            |    87 |    67 |   178 |   390 ||   722
